AoeStats
← aktaa_darwish

Arena

509949509Analyzed
2v2 RM · 2d ago on Sep 28, 2026· 87m 41s· 4 players
Game mode
Random Map
Map size
Medium (4 player)
Population
200
Speed
Normal
Resources
Standard
Victory
Conquest
Starting age
Dark Age
Ending age
Imperial Age
RankedLock teamsTeams togetherTeam positionsShared explorationLock speedFull tech treeHidden civsTurbo modeCheats
Victory
Defeat
🇩🇪 Saxons · Germany
974
+15
🇩🇪 Teutons · Germany
956
+15
🇷🇴 Magyars · Romania
955
-15
🇬🇧 Bohemians · United Kingdom
936
-15
aktaa_darwish
0:28 Loom
11:15 Feudal Age
12:57 Double-Bit Axe
18:20 Castle Age
17:37 Horse Collar
18:58 Stone Mining
19:10 Heavy Plow
20:37 Bow Saw
23:02 Bloodlines
25:08 Corvinian Army
25:14 Husbandry
27:41 Gold Mining
32:55 Imperial Age
33:02 Elite Magyar Huszar
34:25 Gold Shaft Mining
34:26 Crop Rotation
35:01 Two-Man Saw
35:20 Conscription
34:30 Pikeman
37:01 Wheelbarrow
36:12 Town Watch
36:39 Arson
37:23 Halberdier
39:01 Scale Barding Armor
38:56 Scale Mail Armor
40:37 Chain Barding Armor
41:51 Hand Cart
41:37 Town Patrol
45:15 Cavalier
46:31 Paladin
55:19 Elite Skirmisher
57:18 Light Cavalry
Dracula
0:34 Loom
10:37 Feudal Age
11:03 Double-Bit Axe
17:25 Castle Age
15:57 Horse Collar
18:06 Heavy Plow
21:07 Bow Saw
23:34 Pikeman
32:15 Crossbowman
38:09 Imperial Age
36:05 Fervor
36:41 Fortified Wall
36:20 Town Watch
36:49 Arson
37:05 Squires
38:12 Wheelbarrow
40:01 Two-Man Saw
39:49 Hand Cart
41:07 Conscription
43:09 Arrowslits
43:31 Arbalester
50:06 Masonry
50:40 Halberdier
58:26 Sanctity
59:38 Elite Hussite Wagon
77:25 Architecture
82:04 Wagenburg Tactics
Dorian
1:00 Loom
12:50 Feudal Age
13:21 Gold Mining
13:21 Double-Bit Axe
13:21 Horse Collar
13:34 Stone Mining
15:24 Wheelbarrow
18:14 Town Watch
20:41 Scale Mail Armor
20:53 Forging
21:00 Fletching
23:26 Castle Age
22:15 Arson
24:09 Heavy Plow
24:46 Stone Shaft Mining
24:26 Bow Saw
24:31 Squires
25:20 Hand Cart
25:19 Bodkin Arrow
28:00 Ironclad
28:22 Iron Casting
28:03 Chain Mail Armor
27:54 Town Patrol
28:59 Caravan
37:04 Imperial Age
36:18 Fortified Wall
36:24 Masonry
39:55 Chemistry
38:46 Arrowslits
40:09 Two-Man Saw
39:42 Crop Rotation
39:17 Elite Teutonic Knight
40:00 Pikeman
42:11 Man-at-Arms
42:12 Halberdier
56:12 Blast Furnace
55:45 Plate Mail Armor
62:08 Elite Teutonic Knight
64:56 Conscription
68:49 Bombard Tower
69:18 Ballistics
70:48 Hoardings
73:03 Scale Barding Armor
73:00 Padded Archer Armor
73:08 Siege Engineers
72:54 Heated Shot
72:59 Guard Tower
79:38 Crenellations
79:54 Man-at-Arms
80:20 Gambesons
81:03 Chain Barding Armor
80:59 Leather Archer Armor
80:21 Sappers
81:07 Guilds
81:27 Coinage
80:27 Long Swordsman
81:46 Keep
81:22 Clinker Construction
82:53 Plate Barding Armor
82:34 Careening
82:30 Siphons
81:54 Two-Handed Swordsman
83:48 Banking
83:50 Ring Archer Armor
83:43 Carvel Hull
82:56 Champion
85:11 Theocracy
84:57 Sanctity
85:26 Heresy
85:06 Devotion
85:32 Illumination
85:22 Block Printing
85:18 Fervor
85:44 Redemption
85:35 Atonement
Bot LarryS
6:54 Loom
9:38 Feudal Age
13:33 Castle Age
12:14 Double-Bit Axe
20:55 Forging
20:38 Horse Collar
21:54 Scale Mail Armor
22:07 Squires
27:52 Wheelbarrow
32:47 Imperial Age
30:19 Padded Archer Armor
30:26 Thumb Ring
31:00 Chain Mail Armor
31:30 Fletching
34:35 Chemistry
33:55 Ballistics
33:37 Bodkin Arrow
33:58 Leather Archer Armor
33:06 Crossbowman
33:40 Gold Mining
33:40 Stone Mining
34:39 Arbalester
36:34 Gold Shaft Mining
36:42 Iron Casting
37:01 Plate Mail Armor
37:01 Bracer
37:43 Ring Archer Armor
37:53 Conscription
38:57 Fortified Wall
38:45 Elite Varangian Guard
39:12 Arson
40:04 Gambesons
42:37 Shield Wall
50:41 Heavy Plow
51:40 Bow Saw
53:31 Town Watch
53:21 Pikeman
55:03 Halberdier
56:35 Elite Skirmisher
76:41 Two-Man Saw
86:50 Spies/Treason
Connection lost

Rejoining the realm…

Still unreachable

The connection could not be restored.

Session expired

The server has moved on; the page needs a fresh start.